 Dungeon Crawl Stone Soup version 0.16-a0-3667-g690a316 (console) character file.

471 TALISMASHER the Digger (level 6, -2/61 HPs)
             Began as a Bearkin Earth Elementalist on Jan 19, 2015.
             Slain by an iguana (5 damage)
             ... on level 4 of the Dungeon.
             The game lasted 00:07:17 (4357 turns).

TALISMASHER the Digger (Bearkin Earth Elementalist) Turns: 4357, Time: 00:07:18

Health: -2/61      AC:  5    Str: 17    XL:     6   Next: 83%
Magic:  1/15       EV: 17    Int: 16    God:
Gold:   147        SH:  0    Dex: 17    Spells: 2 memorised, 9 levels left

rFire  . . .     SeeInvis .     (no weapon)
rCold  . . .     Clarity  .     c - +0 robe
rNeg   . . .     SustAb   +     (no shield)
rPois  .         Gourm    .     (no helmet)
rElec  .         Spirit   .     p - +0 cloak
rCorr  .         Warding  .     (no gloves)
rMut   .         Stasis   .     (no boots)
MR     .....                    (no amulet)
Stlth  ..........               y - ring of sustain abilities
                                u - ring of wizardry

@: agile, berserking, very slightly contaminated, hasted, very quick, not
resistant to hostile enchantments, extremely unstealthy
A: claws 2, shaggy fur 2, hind claws 1, cornered berserk
a: Cornered Berserk


You were on level 4 of the Dungeon.
You were not hungry.

You visited 1 branch of the dungeon, and saw 4 of its levels.

You collected 147 gold pieces.

Inventory:

Hand weapons
 v - a +0 dagger of protection
 w - a +0 blowgun
Missiles
 b - 57 stones (quivered)
 x - 10 poisoned needles
Armour
 c - a +0 robe (worn)
 p - a +0 cloak (worn)
Jewellery
 u - a ring of wizardry (left claw)
 y - a ring of sustain abilities (right claw)
 E - an uncursed amulet of stasis
Scrolls
 e - a scroll of magic mapping {unknown}
 f - 8 scrolls of identify {unknown}
 h - a scroll of teleportation {unknown}
 i - 2 scrolls of blinking {unknown}
 k - a scroll of random uselessness {unknown}
 l - 2 scrolls of noise {unknown}
 o - 3 scrolls of remove curse {unknown}
 q - a scroll of amnesia {unknown}
 s - a scroll of enchant weapon {unknown}
 F - a scroll of immolation {unknown}
Potions
 n - 2 potions of haste
Books
 d - a book of Geomancy

   Spells                             Type                      Level
   a - Sandblast                      Earth                        1
   b - Stoneskin                      Transmutation/Earth          2
   c - Passwall                       Transmutation/Earth          3
   d - Stone Arrow                    Conjuration/Earth            3
   e - Petrify                        Transmutation/Earth          4
   f - Lee's Rapid Deconstruction     Earth                        5
 B - a book of Clouds

   Spells                             Type                      Level
   a - Mephitic Cloud                 Conjuration/Poison/Air       3
   b - Conjure Flame                  Conjuration/Fire             3
   c - Poisonous Cloud                Conjuration/Poison/Air       6
   d - Freezing Cloud                 Conjuration/Ice/Air          6
   e - Ring of Flames                 Charms/Fire                  7
 C - a book of Burglary

   Spells                             Type                      Level
   a - Swiftness                      Charms/Air                   2
   b - Passwall                       Transmutation/Earth          3
   c - Passage of Golubria            Translocation                4
   d - Lee's Rapid Deconstruction     Earth                        5
   e - Invisibility                   Hexes                        6
   f - Darkness                       Hexes                        7
Comestibles
 a - 4 bread rations
 g - 4 meat rations
 m - 4 fruits
 t - a royal jelly
 A - 5 chunks of flesh
 D - 2 beef jerkies


   Skills:
 - Level 1.5 Dodging
 - Level 1.5 Stealth
 + Level 4.4 Spellcasting
 - Level 1.7 Conjurations
   Level 1.0 Transmutations
 + Level 5.9 Earth Magic


You had 9 spell levels left.
You knew the following spells:

 Your Spells              Type           Power        Failure   Level  Hunger
a - Sandblast             Erth           ###...       1%          1    None
b - Stone Arrow           Conj/Erth      ###...       4%          3    ###....


Dungeon Overview and Level Annotations

Branches:
Dungeon (4/15)
 Temple: D:4-7

Altars:
Makhleb
Sif Muna
Yredelemnul
The Shining One

Annotations:
D:4 Pikel


Innate Abilities, Weirdness & Mutations

You have very sharp fingernails.
You are covered in thick fur (AC +2).
Your hind legs have claws.
You can berserk when greatly wounded.


Message History

You are now empty-clawed.
Use which ability? (? or * to list)
A red film seems to cover your vision as you go berserk!
You feel yourself moving faster!
You feel mighty! Pikel hits you with a whip of flaming.
* * * LOW HITPOINT WARNING * * *
Pikel burns you.
* * * LOW HITPOINT WARNING * * *
You closely miss Pikel.
Pikel is severely wounded.
The iguana bites you.
* * * LOW HITPOINT WARNING * * *
You scratch Pikel.
Pikel begins to bleed from his wounds!
You claw Pikel.
Pikel is almost dead.
Pikel hits you with a whip of flaming.
* * * LOW HITPOINT WARNING * * *
Pikel burns you.
* * * LOW HITPOINT WARNING * * *
The iguana bites you.
You die...

.. ##......# #.#.###... # #.
#.......##. #.# #.## . #.
##......#.###.# #.# (
#.#######..........)#.# #.# .
#..p..pp..#pp##...#.#.###.## #
#>#########p## #............ ##
##.# #p# ####...###### . ...#
#K#######...# #####..#
#@##........#
.......#########l##.####.#.#
.#..................# #.#.#
...........##.....######.#.#####
.#%##..###.##..................##
.#................######.#.###.#.
.####......##.....######.#.......
......###........##......#####.#.
.###### #.#####.###.###### #


You could see Pikel (bleeding), 4 slaves and an iguana.

Vanquished Creatures
  An ogre (D:4)
  Blork the orc (D:4)
  A scorpion (D:4)
  A jelly (D:4)
  2 orc wizards (D:4)
  A worker ant (D:3)
  A hound skeleton (D:4)
  7 adders
  2 worms
  2 giant mites
  2 giant geckos (D:2)
  An ooze (D:1)
  6 orcs (D:4)
  12 goblins
  12 hobgoblins
  6 jackals
  9 kobolds
  3 quokkas
  2 ball pythons (D:1)
  11 bats
  A giant gecko skeleton (D:4)
  3 giant newts
  6 rats
93 creatures vanquished.

Notes
Turn   | Place    | Note
--------------------------------------------------------------
     0 | D:1      | TALISMASHER, the Bearkin Earth Elementalist, began the quest for the Orb.
     0 | D:1      | Reached XP level 1. HP: 13/13 MP: 3/3
   359 | D:1      | Reached XP level 2. HP: 19/19 MP: 1/4
   820 | D:1      | Reached XP level 3. HP: 18/24 MP: 1/6
  1331 | D:2      | Learned a level 3 spell: Stone Arrow
  1371 | D:2      | Reached skill level 4 in Earth Magic
  1544 | D:2      | Gained mutation: You have very sharp fingernails. [bearkin transformation]
  1544 | D:2      | Reached XP level 4. HP: 27/30 MP: 1/9
  2600 | D:3      | Reached XP level 5. HP: 35/35 MP: 8/11
  3239 | D:3      | Found a deep blue altar of Sif Muna.
  3447 | D:4      | Reached skill level 1 in Conjurations
  3447 | D:4      | Reached skill level 5 in Earth Magic
  3628 | D:4      | Found a burning altar of Makhleb.
  3645 | D:4      | Gained mutation: You are covered in thick fur (AC +2). [bearkin transformation]
  3645 | D:4      | Reached XP level 6. HP: 24/41 MP: 0/13
  3872 | D:4      | Noticed Blork the orc
  3885 | D:4      | Killed Blork the orc
  4011 | D:4      | Found a basalt altar of Yredelemnul.
  4096 | D:4      | Found a glowing golden altar of the Shining One.
  4236 | D:4      | Noticed an ogre
  4243 | D:4      | Killed an ogre
  4318 | D:4      | Noticed Pikel
  4318 | D:4      | Noticed a slave
  4323 | D:4      | Noticed a slave
  4334 | D:4      | Noticed a slave
  4342 | D:4      | Noticed a slave
  4357 | D:4      | HP: 3/61 [Pikel/whip of flaming (1)]
  4357 | D:4      | Slain by an iguana

Action                   |  1- 3 |  4- 6 || total
-------------------------+-------+-------++-------
Melee: Unarmed           |    44 |   185 ||   229
 Cast: Sandblast         |    53 |    72 ||   125
       Stone Arrow       |       |    17 ||    17
 Abil: Cornered Berserk  |       |     1 ||     1
  Use: Potion            |       |     4 ||     4
  Eat: Chunk             |     2 |    11 ||    13
